Map: Cyber Forest LE

Players

pansit

  • Race: Terran Terran
  • League: Platinum
  • Spawn Location: 5:00

Woah - Winner!

  • Race: Terran Terran
  • Spawn Location: 11:00

VOD

Have the link to the VOD?

Description

Time

  • Played on: June 11, 2019, 9:11 p.m.
  • Length: 3:23
Show
View Real Time Build Order
Export as new Build Order

pansit Terran 

Build Orders:  

Get SALT Encoding   

  12  0:01  SCV  
  13  0:13  SCV  
  14  0:17  Supply Depot  
  14  0:25  SCV  
  15  0:39  SCV  
  15  0:40  Barracks  
  16  0:47  Refinery  
  16  0:51  SCV  
  17  1:03  SCV  
  18  1:15  SCV  
  19  1:27  Orbital Command  
  19  1:30  Marine  
  20  1:43  Command Center  
  20  1:54  Supply Depot  
  20  1:56  SCV  
  22  2:08  SCV  
  22  2:20  Factory  
  22  2:22  Refinery  
  21  2:23  Barracks Tech Lab  
  21  2:26  SCV  
  22  2:38  SCV  
Show
View Real Time Build Order
Export as new Build Order

Woah Terran - Winner!

Build Orders:  

Get SALT Encoding   

  12  0:01  SCV  
  13  0:13  SCV  
  14  0:17  Supply Depot  
  14  0:25  SCV  
  15  0:28  Refinery  
  15  0:39  SCV  
  16  0:47  Barracks  
  16  0:54  Refinery  
  16  0:57  SCV  
  17  1:09  SCV  
  18  1:21  SCV  
  19  1:34  Factory  
  19  1:35  Orbital Command  
  19  1:40  Reaper  
  20  1:49  Supply Depot  
  20  2:04  SCV  
  21  2:18  Reaper  
  21  2:20  Hellion  
  21  2:22  SCV  
  25  2:43  Command Center  
  25  2:51  Hellion, Reaper  
Tags
 
League
Platinum
Matchup
TvT
Race
Terran
Replay Pack
r1
Spawn Locations
Cross Positions
Add a new tag
Caveats
  • Supply blocks, unpowered buildings, or Contaminate may cause inaccurate times.
  • Supply counts are checked every 10 seconds.